Little Stars vs Comets (R1)

Created - October 23, 2023 at 20:42

Goals
1 2 3 OT1 SO T
Little Stars 0 2 1 0 3 3
Comets 0 1 2 0 4 4
Shots
1 2 3 OT1 SO T
Little Stars 17 6 15 1 6 39
Comets 11 14 10 1 6 36

1st period

No Goal

Penalties :
Daniel O'regan (Tex) for Hooking (Minor) at 12:53

2nd period

1. Little Stars , Jason Dickinson 4 (Joakim Nygard 5) at 10:49 (PP)
2. Comets , Juuso Riikola 1 (Dan Renouf 1, Ryan Lomberg 4) at 15:04 (PP)
3. Little Stars , Adam Tambellini 6 (Wiley Sherman 1, Ilya Mikheyev 11) at 15:18

Penalties :
Adam Tambellini (Tex) for Hooking (Minor) at 1:57, Daniel O'regan (Tex) for Hooking (Minor) at 6:55, Juuso Riikola (Uti) for Hooking (Minor) at 10:06, Matt Luff (Tex) for Hooking (Minor) at 13:23, Scott Harrington (Uti) for High sticking (Minor) at 19:01

3rd period

4. Comets , Tyler Graovac 3 (Phil Di Giuseppe 3, Curtis Lazar 8) at 2:09
5. Comets , Juho Lammikko 3 (Lane Pederson 1, Trevor Moore 3) at 7:24
6. Little Stars , Adam Tambellini 7 (Daniel O'regan 6, Wiley Sherman 2) at 19:16

Penalties :
Tucker Poolman (Tex) for Hooking (Minor) at 2:26

Overtime #1

No Goal

Penalties :
No Penalty

Shootout

Little Stars, Ilya Mikheyev - Stopped by Casey DeSmith
Comets, Daniel Zaar - Stopped by Michael Houser
Little Stars, Adam Tambellini - Goal!
Comets, Ryan Lomberg - Goal!
Little Stars, Daniel O'regan - Stopped by Casey DeSmith
Comets, Curtis Lazar - Stopped by Michael Houser
Little Stars, Joakim Nygard - Goal!
Comets, Jean-Sebastien Dea - Goal!
Little Stars, Jason Dickinson - Goal!
Comets, Juho Lammikko - Goal!
Little Stars, Emile Poirier - Shot Misses the Net
Comets, Mackenzie MacEachern - Goal!

Penalties :
No Penalty

Goalie Stats

Michael Houser (Tex), 33 saves from 36 shots - (0.917), OTL, 1-2-1, 64:30 minutes
Casey DeSmith (Uti), 36 saves from 39 shots - (0.923), W, 1-1-0, 65:00 minutes

Players Stats for Little Stars

Player Name              G  A  P  +/- PIM S  H  SB GA TA FO     MP     PP MP  PK MP  
------------------------------------------------------------------------------------
Adam Tambellini          2  0  2   1  2   6  4  0  1  0  4/6    25:29   1:30   4:29 
Cal Burke                0  0  0   0  0   0  0  0  1  0  0/0     6:45   0:00   0:00 
Connor Mackey            0  0  0   0  0   0  1  3  0  0  0/0    11:10   0:00   0:00 
Daniel O'regan           0  1  1   1  4   2  4  1  0  0  17/32  23:48   1:30   3:01 
Emile Poirier            0  0  0   0  0   0  0  0  0  0  0/0     8:31   0:00   1:42 
Evan Bouchard            0  0  0   0  0   0  1  0  0  0  0/0    12:19   0:00   1:08 
Filip Chytil             0  0  0   0  0   1  2  0  0  0  0/2     9:01   0:00   2:15 
Ilya Mikheyev            0  1  1   1  0   6  2  1  0  0  0/2    20:45   1:30   0:00 
Jason Dickinson          1  0  1   0  0   5  3  2  1  0  12/20  19:44   1:12   4:53 
Joakim Nygard            0  1  1   0  0   5  2  0  0  1  0/0    17:48   1:12   2:45 
Justin Auger             0  0  0  -1  0   1  0  0  0  0  0/0    11:19   0:00   0:00 
Matt Luff                0  0  0   0  2   2  1  0  0  0  0/0    13:36   1:12   0:00 
Radel Fazleev            0  0  0  -1  0   3  0  0  1  1  7/9    11:28   0:00   0:09 
Reece Willcox            0  0  0   2  0   0  3  4  0  2  0/0    29:50   2:32   5:31 
Shane Gersich            0  0  0  -1  0   1  3  0  0  0  0/0    12:04   0:00   0:00 
Tucker Poolman           0  0  0  -2  2   1  1  0  0  0  0/0    20:08   0:10   2:58 
Ville Pokka              0  0  0  -2  0   1  1  1  0  1  0/0    20:40   0:10   4:06 
Wiley Sherman            0  2  2   2  0   5  1  3  1  0  0/0    30:53   2:32   5:31 

Players Stats for Comets

Player Name              G  A  P  +/- PIM S  H  SB GA TA FO     MP     PP MP  PK MP  
------------------------------------------------------------------------------------
Adam Ollas-Mattsson      0  0  0   0  0   0  1  0  0  0  0/0     9:35   0:00   0:00 
Curtis Lazar             0  1  1   1  0   2  4  0  0  1  0/2    21:24   4:16   0:23 
Dan Renouf               0  1  1   0  0   2  0  1  1  1  0/0    21:00   3:38   1:00 
Daniel Zaar              0  0  0  -2  0   3  1  1  0  0  6/13   28:34   5:21   2:19 
Daniil Miromanov         0  0  0   1  0   0  0  0  0  0  0/0     3:18   0:00   0:00 
Jean-Sebastien Dea       0  0  0  -2  0   1  4  1  0  1  13/27  21:46   5:21   0:23 
Juho Lammikko            1  0  1   1  0   3  2  1  1  0  0/1    14:23   0:00   0:00 
Juuso Riikola            1  0  1   0  2   2  2  0  0  0  0/0    21:17   3:38   0:50 
Lane Pederson            0  1  1   1  0   2  0  0  1  0  1/6    13:02   0:00   0:00 
Mackenzie MacEachern     0  0  0   0  0   3  1  0  0  0  0/0     4:38   0:00   0:00 
Phil Di Giuseppe         0  1  1   1  0   3  1  2  0  0  3/3    20:15   4:16   0:00 
Ryan Lomberg             0  1  1  -2  0   2  5  1  1  0  1/2    25:13   5:21   2:19 
Scott Harrington         0  0  0  -1  2   4  1  4  1  0  0/0    28:06   5:59   0:33 
Trevor Moore             0  1  1   1  0   7  3  0  0  0  1/2    13:04   0:00   0:00 
Tyler Graovac            1  0  1   1  0   2  2  0  0  0  6/15   19:26   4:16   0:00 
Vladislav Gavrikov       0  0  0   0  0   0  1  1  0  1  0/0    31:43   5:59   1:42 
William Lagesson         0  0  0   0  0   0  0  0  0  1  0/0    10:54   0:00   1:19 
William Lockwood         0  0  0   0  0   0  1  0  0  0  0/0     4:38   0:00   0:00 

3 Stars

1 - Adam Tambellini (Tex)
2 - Wiley Sherman (Tex)
3 - Juho Lammikko (Uti)

Power Play

Little Stars - 1 on 2 Attempt(s) - 50.00%
Comets - 1 on 5 Attempt(s) - 20.00%

Penalty Kill

Little Stars - 4 on 5 Attempt(s) - 80.00% - Score 0 goal in Penalty Kill
Comets - 1 on 2 Attempt(s) - 50.00% - Score 0 goal in Penalty Kill

Team Stat

Little Stars - Hits : 29 - Faceoff Wins : 40 - Blocked Shots : 15 - Penalty Minutes : 10
Comets - Hits : 29 - Faceoff Wins : 31 - Blocked Shots : 12 - Penalty Minutes : 4

Official

Referees : Tim Peel and Francis Charron
Linesman : Kyle Flemington and Ryan Gibbons

Game Notes

No Game Note

Finance

Level 1 -- Attendance: 2000 (100.00%) -- Ticket Income $140,000
Level 2 -- Attendance: 1000 (100.00%) -- Ticket Income $40,000
Total Attendance: 3000 (100.00%)
Total Ticket Income: $180,000
Other Income: $9,000
Total Income: $189,000

Little Stars

5 vs 5 Forward 
   Center                   Left Wing                Right Wing               Time % Phy DF OF 
 1 Daniel O'regan           Adam Tambellini          Ilya Mikheyev            40     1   2  2  
 2 Jason Dickinson          Joakim Nygard            Matt Luff                30     1   2  2  
 3 Radel Fazleev            Shane Gersich            Justin Auger             20     1   2  2  
 4 Filip Chytil             Emile Poirier            Cal Burke                10     1   2  2  

5 vs 5 Defense 
   Defense                  Defense                                           Time % Phy DF OF 
 1 Wiley Sherman            Reece Willcox                                     40     1   2  2  
 2 Tucker Poolman           Ville Pokka                                       30     1   2  2  
 3 Evan Bouchard            Connor Mackey                                     20     1   2  2  
 4 Wiley Sherman            Reece Willcox                                     10     1   2  2  

PowerPlay Forward 
   Center                   Left Wing                Right Wing               Time % Phy DF OF 
 1 Daniel O'regan           Adam Tambellini          Ilya Mikheyev            60     0   2  3  
 2 Jason Dickinson          Joakim Nygard            Matt Luff                40     0   2  3  

PowerPlay Defense
   Defense                  Defense                                           Time % Phy DF OF 
 1 Wiley Sherman            Reece Willcox                                     60     1   2  2  
 2 Tucker Poolman           Ville Pokka                                       40     1   2  2  

Penalty Kill 4 Players Forward 
   Center                   Wing                     Time % Phy DF OF 
 1 Daniel O'regan           Adam Tambellini          60     1   2  2  
 2 Jason Dickinson          Joakim Nygard            40     1   2  2  

Penalty Kill 4 Players Defense
   Defense                  Defense                  Time % Phy DF OF 
 1 Wiley Sherman            Reece Willcox            60     0   3  2  
 2 Tucker Poolman           Ville Pokka              40     0   3  2  

Penalty Kill - 3 Players Forward 
   Forward                                           Time % Phy DF OF 
 1 Daniel O'regan                                    60     1   2  2  
 2 Jason Dickinson                                   40     1   2  2  

Penalty Kill - 3 Players Defense
   Defense                  Defense                  Time % Phy DF OF 
 1 Wiley Sherman            Reece Willcox            60     1   2  2  
 2 Tucker Poolman           Ville Pokka              40     1   2  2  

4 vs 4 Forward 
   Center                   Wing                     Time % Phy DF OF 
 1 Daniel O'regan           Adam Tambellini          60     1   2  2  
 2 Jason Dickinson          Joakim Nygard            40     1   2  2  

4 vs 4 Defense
   Defense                  Defense                  Time % Phy DF OF 
 1 Wiley Sherman            Reece Willcox            60     1   2  2  
 2 Tucker Poolman           Ville Pokka              40     1   2  2  

Last Minutes Offensive
   Center                   Left Wing                Right Wing               Defense                  Defense                  
   Daniel O'regan           Adam Tambellini          Ilya Mikheyev            Wiley Sherman            Reece Willcox            

Last Minutes Defensive
   Center                   Left Wing                Right Wing               Defense                  Defense                  
   Daniel O'regan           Adam Tambellini          Ilya Mikheyev            Wiley Sherman            Reece Willcox            

Goaltenders
Starting : Michael Houser           
Backup : Danil Tarasov            

Extra Forwards
Normal : Jason Dickinson, Shane Gersich, Matt Luff - PP : Jason Dickinson, Shane Gersich - PK : Jason Dickinson
Extra Defensemen
Normal : Ville Pokka, Evan Bouchard, Connor Mackey - PP : Ville Pokka - PK : Ville Pokka, Evan Bouchard
Penalty Shots
Ilya Mikheyev, Adam Tambellini, Daniel O'regan, Joakim Nygard, Jason Dickinson
Custom OT Lines Forwards
Ilya Mikheyev, Adam Tambellini, Daniel O'regan, Joakim Nygard, Jason Dickinson, Shane Gersich, Matt Luff, Emile Poirier, Justin Auger, Radel Fazleev
Custom OT Lines Defensemen
Wiley Sherman, Reece Willcox, Tucker Poolman, Ville Pokka, Evan Bouchard

Scratches
Jack McBain (Healthy), Jean-Christophe Beaudin (Healthy), Lawrence Pilut (Healthy), Rudolfs Balcers (Healthy), Yakov Trenin (Healthy)
Joey Anderson (Healthy), Jonathan Dahlen (Healthy), Givani Smith (Healthy), Blade Jenkins (Healthy), Bulat Shafigullin (Healthy)

Comets

5 vs 5 Forward 
   Center                   Left Wing                Right Wing               Time % Phy DF OF 
 1 Jean-Sebastien Dea       Ryan Lomberg             Daniel Zaar              40     1   2  2  
 2 Tyler Graovac            Phil Di Giuseppe         Curtis Lazar             30     1   2  2  
 3 Lane Pederson            Trevor Moore             Juho Lammikko            20     1   2  2  
 4 Daniel Zaar              Mackenzie MacEachern     William Lockwood         10     1   2  2  

5 vs 5 Defense 
   Defense                  Defense                                           Time % Phy DF OF 
 1 Vladislav Gavrikov       Scott Harrington                                  40     1   2  2  
 2 Juuso Riikola            Dan Renouf                                        30     1   2  2  
 3 Adam Ollas-Mattsson      William Lagesson                                  20     1   2  2  
 4 Daniil Miromanov         Vladislav Gavrikov                                10     1   2  2  

PowerPlay Forward 
   Center                   Left Wing                Right Wing               Time % Phy DF OF 
 1 Jean-Sebastien Dea       Ryan Lomberg             Daniel Zaar              60     1   2  2  
 2 Tyler Graovac            Phil Di Giuseppe         Curtis Lazar             40     1   2  2  

PowerPlay Defense
   Defense                  Defense                                           Time % Phy DF OF 
 1 Vladislav Gavrikov       Scott Harrington                                  60     1   2  2  
 2 Juuso Riikola            Dan Renouf                                        40     1   2  2  

Penalty Kill 4 Players Forward 
   Center                   Wing                     Time % Phy DF OF 
 1 Daniel Zaar              Ryan Lomberg             60     1   2  2  
 2 Curtis Lazar             Jean-Sebastien Dea       40     1   2  2  

Penalty Kill 4 Players Defense
   Defense                  Defense                  Time % Phy DF OF 
 1 Vladislav Gavrikov       Scott Harrington         60     1   2  2  
 2 Juuso Riikola            Dan Renouf               40     1   2  2  

Penalty Kill - 3 Players Forward 
   Forward                                           Time % Phy DF OF 
 1 Daniel Zaar                                       60     1   2  2  
 2 Ryan Lomberg                                      40     1   2  2  

Penalty Kill - 3 Players Defense
   Defense                  Defense                  Time % Phy DF OF 
 1 Vladislav Gavrikov       Scott Harrington         60     1   2  2  
 2 Juuso Riikola            Dan Renouf               40     1   2  2  

4 vs 4 Forward 
   Center                   Wing                     Time % Phy DF OF 
 1 Daniel Zaar              Ryan Lomberg             60     1   2  2  
 2 Curtis Lazar             Jean-Sebastien Dea       40     1   2  2  

4 vs 4 Defense
   Defense                  Defense                  Time % Phy DF OF 
 1 Vladislav Gavrikov       Scott Harrington         60     1   2  2  
 2 Juuso Riikola            Dan Renouf               40     1   2  2  

Last Minutes Offensive
   Center                   Left Wing                Right Wing               Defense                  Defense                  
   Jean-Sebastien Dea       Ryan Lomberg             Daniel Zaar              Vladislav Gavrikov       Scott Harrington         

Last Minutes Defensive
   Center                   Left Wing                Right Wing               Defense                  Defense                  
   Jean-Sebastien Dea       Ryan Lomberg             Daniel Zaar              Vladislav Gavrikov       Scott Harrington         

Goaltenders
Starting : Casey DeSmith            
Backup : Thatcher Demko           

Extra Forwards
Normal : Juho Lammikko, Trevor Moore, Mackenzie MacEachern - PP : Juho Lammikko, Trevor Moore - PK : Mackenzie MacEachern
Extra Defensemen
Normal : Adam Ollas-Mattsson, William Lagesson, Daniil Miromanov - PP : Adam Ollas-Mattsson - PK : William Lagesson, Daniil Miromanov
Penalty Shots
Daniel Zaar, Ryan Lomberg, Curtis Lazar, Jean-Sebastien Dea, Juho Lammikko
Custom OT Lines Forwards
Daniel Zaar, Ryan Lomberg, Curtis Lazar, Jean-Sebastien Dea, Juho Lammikko, Phil Di Giuseppe, Trevor Moore, Mackenzie MacEachern, Tyler Graovac, Lane Pederson
Custom OT Lines Defensemen
Vladislav Gavrikov, Scott Harrington, Juuso Riikola, Dan Renouf, Adam Ollas-Mattsson

Scratches
Anton Zlobin (Healthy), Charles Hudon (Healthy), Jaret Anderson-Dolan (Healthy), Guillaume Brisebois (Healthy), Brandon Saigeon (Healthy)
Jay O'Brien (Healthy), Michael Joly (Healthy), Jack Rathbone (Healthy), Michael Kesselring (Healthy), Nicolas Petan (Suspend)
Rasmus Asplund (Healthy), Marek Langhamer (Healthy), Michael Dipietro (Healthy)

% Time on Ice - Little Stars

Lines # - Real PCT - Wanted PCT - Time Play
Normal Forward
1 - 36% - 40% - 16:57
2 - 26% - 30% - 12:19
3 - 24% - 20% - 11:19
4 - 14% - 10% - 6:45
Normal Defense
1 - 39% - 40% - 18:32
2 - 35% - 30% - 16:24
3 - 24% - 20% - 11:10
4 - 3% - 10% - 1:14
PP Forward
1 - 56% - 60% - 1:30
2 - 44% - 40% - 1:12
PP Defense
1 - 94% - 60% - 2:32
2 - 6% - 40% - 0:10
PK Forward
1 - 78% - 60% - 7:28
2 - 22% - 40% - 2:09
PK Defense
1 - 57% - 60% - 5:31
2 - 43% - 40% - 4:06
PK3 Forward
1 - 0% - 60%
2 - 0% - 40%
PK3 Defense
1 - 0% - 60%
2 - 0% - 40%
44 Forward
1 - 0% - 60%
2 - 0% - 40%
44 Defense
1 - 0% - 60%
2 - 0% - 40%
Last Minute Offensive  - 0:21
Last Minute Defensive  - 0:00
Total
Forward - 60:00
Defense - 60:00

% Time on Ice - Comets

Lines # - Real PCT - Wanted PCT - Time Play
Normal Forward
1 - 32% - 40% - 15:10
2 - 32% - 30% - 14:59
3 - 27% - 20% - 12:34
4 - 10% - 10% - 4:38
Normal Defense
1 - 38% - 40% - 18:06
2 - 35% - 30% - 16:22
3 - 20% - 20% - 9:35
4 - 7% - 10% - 3:18
PP Forward
1 - 56% - 60% - 5:21
2 - 44% - 40% - 4:16
PP Defense
1 - 62% - 60% - 5:59
2 - 38% - 40% - 3:38
PK Forward
1 - 86% - 60% - 2:19
2 - 14% - 40% - 0:23
PK Defense
1 - 63% - 60% - 1:42
2 - 37% - 40% - 1:00
PK3 Forward
1 - 0% - 60%
2 - 0% - 40%
PK3 Defense
1 - 0% - 60%
2 - 0% - 40%
44 Forward
1 - 0% - 60%
2 - 0% - 40%
44 Defense
1 - 0% - 60%
2 - 0% - 40%
Last Minute Offensive  - 0:00
Last Minute Defensive  - 0:20
Total
Forward - 60:00
Defense - 60:00

Play-by-Play

1st period


0:01 of 1st period - Jean-Sebastien Dea wins face-off versus Adam Tambellini in neutral zone.
0:26 of 1st period - Ryan Lomberg is hit by Shane Gersich and loses puck.
0:56 of 1st period - Wrist shot by Jason Dickinson.
0:56 of 1st period - Stopped by Casey DeSmith without a rebound.
0:57 of 1st period - Phil Di Giuseppe wins face-off versus Filip Chytil in Comets zone.
0:57 of 1st period - Phil Di Giuseppe is hit by Connor Mackey.
1:26 of 1st period - Adam Ollas-Mattsson is hit by Filip Chytil.
1:27 of 1st period - Icing by Adam Ollas-Mattsson.
1:28 of 1st period - Phil Di Giuseppe wins face-off versus Daniel O'regan in Comets zone.
1:41 of 1st period - Wrist shot by Adam Tambellini.
1:41 of 1st period - Stopped by Casey DeSmith with a rebound.
1:43 of 1st period - Slapshot by Ville Pokka.
1:43 of 1st period - Shot Misses the Net.
1:45 of 1st period - Wrist shot by Adam Tambellini.
1:45 of 1st period - Stopped by Casey DeSmith without a rebound.
1:46 of 1st period - Jason Dickinson wins face-off versus Lane Pederson in Comets zone.
1:47 of 1st period - Wrist shot by Joakim Nygard.
1:47 of 1st period - Stopped by Casey DeSmith with a rebound.
1:53 of 1st period - Snap shot by Matt Luff.
1:53 of 1st period - Shot Misses the Net.
1:55 of 1st period - Slapshot by Wiley Sherman.
1:55 of 1st period - Deflect By Matt Luff.
1:55 of 1st period - Stopped by Casey DeSmith with a rebound.
2:13 of 1st period - Wrist shot by Daniel Zaar.
2:13 of 1st period - Shot Blocked by Daniel O'regan.
2:15 of 1st period - Wrist shot by Mackenzie MacEachern.
2:15 of 1st period - Stopped by Michael Houser with a rebound.
2:17 of 1st period - Snap shot by Mackenzie MacEachern.
2:17 of 1st period - Shot Blocked by Reece Willcox.
2:19 of 1st period - Snap shot by Dan Renouf.
2:19 of 1st period - Stopped by Michael Houser without a rebound.
2:20 of 1st period - Lane Pederson wins face-off versus Radel Fazleev in Little Stars zone.
2:23 of 1st period - Wrist shot by Juho Lammikko.
2:23 of 1st period - Stopped by Michael Houser with a rebound.
2:58 of 1st period - Wrist shot by Jason Dickinson.
2:58 of 1st period - Shot Blocked by Vladislav Gavrikov.
3:25 of 1st period - Adam Tambellini is hit by Tyler Graovac and loses puck.
4:17 of 1st period - Wrist shot by Jason Dickinson.
4:17 of 1st period - Stopped by Casey DeSmith without a rebound.
4:18 of 1st period - Daniel O'regan wins face-off versus Jean-Sebastien Dea in Comets zone.
4:23 of 1st period - Slapshot by Ilya Mikheyev.
4:23 of 1st period - Stopped by Casey DeSmith without a rebound.
4:24 of 1st period - Tyler Graovac wins face-off versus Daniel O'regan in Comets zone.
5:13 of 1st period - Snap shot by Emile Poirier.
5:13 of 1st period - Shot Misses the Net.
5:23 of 1st period - Filip Chytil is hit by Trevor Moore.
5:37 of 1st period - Snap shot by Radel Fazleev.
5:37 of 1st period - Stopped by Casey DeSmith without a rebound.
5:38 of 1st period - Daniel O'regan wins face-off versus Jean-Sebastien Dea in Comets zone.
5:57 of 1st period - Scott Harrington is hit by Daniel O'regan and loses puck.
6:13 of 1st period - Snap shot by Daniel O'regan.
6:13 of 1st period - Shot Hit the Post.
6:28 of 1st period - Vladislav Gavrikov is hit by Adam Tambellini and loses puck.
6:47 of 1st period - Snap shot by Ilya Mikheyev.
6:47 of 1st period - Shot Misses the Net.
6:49 of 1st period - Slapshot by Connor Mackey.
6:49 of 1st period - Shot Blocked by Jean-Sebastien Dea.
6:51 of 1st period - Wrist shot by Ilya Mikheyev.
6:51 of 1st period - Stopped by Casey DeSmith with a rebound.
6:53 of 1st period - Snap shot by Daniel O'regan.
6:53 of 1st period - Shot Misses the Net.
7:05 of 1st period - Snap shot by Ryan Lomberg.
7:05 of 1st period - Shot Misses the Net.
7:11 of 1st period - Daniel O'regan is hit by Juuso Riikola.
7:17 of 1st period - Backhand shot by Daniel Zaar.
7:17 of 1st period - Shot Misses the Net.
7:42 of 1st period - Slapshot by Ryan Lomberg.
7:42 of 1st period - Stopped by Michael Houser with a rebound.
7:50 of 1st period - Snap shot by Ilya Mikheyev.
7:50 of 1st period - Stopped by Casey DeSmith without a rebound.
7:51 of 1st period - Jason Dickinson wins face-off versus Tyler Graovac in Comets zone.
7:58 of 1st period - Slapshot by Jason Dickinson.
7:58 of 1st period - Stopped by Casey DeSmith with a rebound.
8:00 of 1st period - Slapshot by Wiley Sherman.
8:00 of 1st period - Stopped by Casey DeSmith with a rebound.
8:04 of 1st period - Snap shot by Matt Luff.
8:04 of 1st period - Stopped by Casey DeSmith without a rebound.
8:05 of 1st period - Tyler Graovac wins face-off versus Jason Dickinson in Comets zone.
8:30 of 1st period - Reece Willcox is hit by Juho Lammikko and loses puck.
8:45 of 1st period - Wrist shot by Jason Dickinson.
8:45 of 1st period - Deflect By Joakim Nygard.
8:45 of 1st period - Stopped by Casey DeSmith without a rebound.
8:46 of 1st period - Radel Fazleev wins face-off versus Tyler Graovac in Comets zone.
9:35 of 1st period - Tucker Poolman is hit by William Lockwood and loses puck.
9:40 of 1st period - Wrist shot by Mackenzie MacEachern.
9:40 of 1st period - Stopped by Michael Houser with a rebound.
10:03 of 1st period - Icing by Joakim Nygard.
10:04 of 1st period - Jason Dickinson wins face-off versus Lane Pederson in Little Stars zone.
11:10 of 1st period - Slapshot by Juho Lammikko.
11:10 of 1st period - Stopped by Michael Houser with a rebound.
11:32 of 1st period - Backhand shot by Jason Dickinson.
11:32 of 1st period - Shot Misses the Net.
12:44 of 1st period - Curtis Lazar is hit by Adam Tambellini and loses puck.
12:53 of 1st period - Minor Penalty to Daniel O'regan for Hooking.
12:54 of 1st period - Jason Dickinson wins face-off versus Jean-Sebastien Dea in Little Stars zone.
13:03 of 1st period - Adam Tambellini is hit by Ryan Lomberg and loses puck.
14:53 of 1st period - Penalty to Daniel O'regan is over, Daniel O'regan is back on ice.
15:02 of 1st period - Justin Auger is hit by Trevor Moore and loses puck.
15:21 of 1st period - Adam Ollas-Mattsson is hit by Daniel O'regan and loses puck.
15:34 of 1st period - Mackenzie MacEachern is hit by Tucker Poolman and loses puck.
17:02 of 1st period - Curtis Lazar is hit by Evan Bouchard and loses puck.
17:14 of 1st period - Off-side.
17:15 of 1st period - Radel Fazleev wins face-off versus Daniel Zaar in neutral zone.
17:18 of 1st period - Vladislav Gavrikov is hit by Reece Willcox and loses puck.
17:46 of 1st period - Wrist shot by Trevor Moore.
17:46 of 1st period - Stopped by Michael Houser without a rebound.
17:47 of 1st period - Daniel O'regan wins face-off versus Tyler Graovac in Little Stars zone.
17:52 of 1st period - Snap shot by Phil Di Giuseppe.
17:52 of 1st period - Shot Misses the Net.
17:58 of 1st period - Wrist shot by Adam Tambellini.
17:58 of 1st period - Stopped by Casey DeSmith with a rebound.
18:00 of 1st period - Slapshot by Ilya Mikheyev.
18:00 of 1st period - Stopped by Casey DeSmith with a rebound.
18:02 of 1st period - Snap shot by Ilya Mikheyev.
18:02 of 1st period - Shot Misses the Net.
18:04 of 1st period - Slapshot by Tucker Poolman.
18:04 of 1st period - Stopped by Casey DeSmith with a rebound.
18:16 of 1st period - Ryan Lomberg is hit by Jason Dickinson and loses puck.
18:59 of 1st period - Snap shot by Curtis Lazar.
18:59 of 1st period - Stopped by Michael Houser with a rebound.
19:15 of 1st period - Adam Tambellini is hit by Trevor Moore and loses puck.
19:20 of 1st period - Backhand shot by Trevor Moore.
19:20 of 1st period - Stopped by Michael Houser with a rebound.
19:22 of 1st period - Snap shot by Trevor Moore.
19:22 of 1st period - Stopped by Michael Houser with a rebound.
19:24 of 1st period - Slapshot by Dan Renouf.
19:24 of 1st period - Shot Blocked by Connor Mackey.
19:26 of 1st period - Slapshot by Juuso Riikola.
19:26 of 1st period - Stopped by Michael Houser with a rebound.
19:28 of 1st period - Snap shot by Lane Pederson.
19:28 of 1st period - Shot Blocked by Connor Mackey.
19:38 of 1st period - Wrist shot by Jason Dickinson.
19:38 of 1st period - Shot Misses the Net.
Goals for this period are 0 for Little Stars vs 0 for Comets.
Shots for this period are 17 for Little Stars vs 11 for Comets.

2nd period


0:01 of 2nd period - Jean-Sebastien Dea wins face-off versus Daniel O'regan in neutral zone.
0:10 of 2nd period - Snap shot by Daniel O'regan.
0:10 of 2nd period - Stopped by Casey DeSmith with a rebound.
0:26 of 2nd period - Wiley Sherman is hit by Tyler Graovac and loses puck.
0:49 of 2nd period - Wrist shot by Juho Lammikko.
0:49 of 2nd period - Shot Misses the Net.
0:51 of 2nd period - Wrist shot by Lane Pederson.
0:51 of 2nd period - Shot Misses the Net.
0:53 of 2nd period - Snap shot by Lane Pederson.
0:53 of 2nd period - Stopped by Michael Houser with a rebound.
0:55 of 2nd period - Slapshot by Dan Renouf.
0:55 of 2nd period - Deflect By Tucker Poolman.
0:55 of 2nd period - Stopped by Michael Houser with a rebound.
1:17 of 2nd period - Emile Poirier is hit by Mackenzie MacEachern and loses puck.
1:28 of 2nd period - Emile Poirier is hit by Curtis Lazar and loses puck.
1:37 of 2nd period - Wrist shot by Cal Burke.
1:37 of 2nd period - Deflect By Emile Poirier.
1:37 of 2nd period - Shot Misses the Net.
1:37 of 2nd period - Puck is out of play.
1:38 of 2nd period - Jean-Sebastien Dea wins face-off versus Daniel O'regan in Comets zone.
1:57 of 2nd period - Minor Penalty to Adam Tambellini for Hooking.
1:58 of 2nd period - Jean-Sebastien Dea wins face-off versus Jason Dickinson in Little Stars zone.
2:09 of 2nd period - Wrist shot by Vladislav Gavrikov.
2:09 of 2nd period - Shot Misses the Net.
2:11 of 2nd period - Wrist shot by Jean-Sebastien Dea.
2:11 of 2nd period - Shot Misses the Net.
2:13 of 2nd period - Snap shot by Daniel Zaar.
2:13 of 2nd period - Shot Blocked by Reece Willcox.
3:41 of 2nd period - Icing by Jean-Sebastien Dea.
3:42 of 2nd period - Tyler Graovac wins face-off versus Jason Dickinson in Comets zone.
3:57 of 2nd period - Penalty to Adam Tambellini is over, Adam Tambellini is back on ice.
4:03 of 2nd period - Wrist shot by Ryan Lomberg.
4:03 of 2nd period - Stopped by Michael Houser without a rebound.
4:04 of 2nd period - Trevor Moore wins face-off versus Radel Fazleev in Little Stars zone.
4:19 of 2nd period - Wrist shot by Trevor Moore.
4:19 of 2nd period - Stopped by Michael Houser with a rebound.
4:29 of 2nd period - Vladislav Gavrikov is hit by Ilya Mikheyev and loses puck.
4:36 of 2nd period - Slapshot by Curtis Lazar.
4:36 of 2nd period - Shot Misses the Net.
4:38 of 2nd period - Wrist shot by Tyler Graovac.
4:38 of 2nd period - Stopped by Michael Houser with a rebound.
4:55 of 2nd period - Tucker Poolman is hit by Jean-Sebastien Dea and loses puck.
5:30 of 2nd period - Wrist shot by Radel Fazleev.
5:30 of 2nd period - Shot Misses the Net.
5:34 of 2nd period - Snap shot by Shane Gersich.
5:34 of 2nd period - Shot Misses the Net.
6:11 of 2nd period - Off-side.
6:12 of 2nd period - Ryan Lomberg wins face-off versus Jason Dickinson in neutral zone.
6:35 of 2nd period - Slapshot by Ryan Lomberg.
6:35 of 2nd period - Deflect By Jean-Sebastien Dea.
6:35 of 2nd period - Shot Blocked by Connor Mackey.
6:35 of 2nd period - Puck is out of play.
6:36 of 2nd period - Daniel O'regan wins face-off versus Trevor Moore in Little Stars zone.
6:36 of 2nd period - Daniel O'regan is hit by Adam Ollas-Mattsson.
6:55 of 2nd period - Minor Penalty to Daniel O'regan for Hooking.
6:56 of 2nd period - Adam Tambellini wins face-off versus Jean-Sebastien Dea in Little Stars zone.
6:56 of 2nd period - Adam Tambellini is hit by Ryan Lomberg.
7:08 of 2nd period - Off-side.
7:09 of 2nd period - Jason Dickinson wins face-off versus Jean-Sebastien Dea in neutral zone.
7:36 of 2nd period - Reece Willcox is hit by Scott Harrington and loses puck.
7:54 of 2nd period - Icing by Dan Renouf.
7:55 of 2nd period - Jason Dickinson wins face-off versus Jean-Sebastien Dea in Comets zone.
8:24 of 2nd period - Snap shot by Phil Di Giuseppe.
8:24 of 2nd period - Deflect By Curtis Lazar.
8:24 of 2nd period - Shot Misses the Net.
8:24 of 2nd period - Puck is out of play.
8:25 of 2nd period - Jean-Sebastien Dea wins face-off versus Jason Dickinson in Little Stars zone.
8:55 of 2nd period - Penalty to Daniel O'regan is over, Daniel O'regan is back on ice.
9:46 of 2nd period - Wrist shot by Curtis Lazar.
9:46 of 2nd period - Shot Blocked by Jason Dickinson.
9:48 of 2nd period - Slapshot by Scott Harrington.
9:48 of 2nd period - Stopped by Michael Houser without a rebound.
9:49 of 2nd period - Jean-Sebastien Dea wins face-off versus Daniel O'regan in Little Stars zone.
9:59 of 2nd period - Off-side.
10:00 of 2nd period - Daniel O'regan wins face-off versus Jean-Sebastien Dea in neutral zone.
10:06 of 2nd period - Minor Penalty to Juuso Riikola for Hooking.
10:07 of 2nd period - Adam Tambellini wins face-off versus Daniel Zaar in Comets zone.
10:39 of 2nd period - Snap shot by Jason Dickinson.
10:39 of 2nd period - Deflect By Joakim Nygard.
10:39 of 2nd period - Shot Misses the Net.
10:39 of 2nd period - Puck is out of play.
10:40 of 2nd period - Jason Dickinson wins face-off versus Daniel Zaar in Comets zone.
10:49 of 2nd period - Wrist shot by Jason Dickinson.
10:49 of 2nd period - Goal by Jason Dickinson - Little Stars : 1 - Comets : 0.
10:50 of 2nd period - Daniel Zaar wins face-off versus Daniel O'regan in neutral zone.
11:04 of 2nd period - Daniel Zaar is hit by Ilya Mikheyev and loses puck.
11:11 of 2nd period - Reece Willcox is hit by Ryan Lomberg and loses puck.
12:06 of 2nd period - Snap shot by Mackenzie MacEachern.
12:06 of 2nd period - Stopped by Michael Houser with a rebound.
12:30 of 2nd period - Slapshot by Daniel Zaar.
12:30 of 2nd period - Deflect By Ryan Lomberg.
12:30 of 2nd period - Shot Misses the Net.
12:30 of 2nd period - Puck is out of play.
12:31 of 2nd period - Daniel O'regan wins face-off versus Ryan Lomberg in Little Stars zone.
12:31 of 2nd period - Daniel O'regan is hit by Jean-Sebastien Dea.
12:41 of 2nd period - Wrist shot by Daniel O'regan.
12:41 of 2nd period - Deflect By Ilya Mikheyev.
12:41 of 2nd period - Shot Blocked by Scott Harrington.
12:41 of 2nd period - Puck is out of play.
12:42 of 2nd period - Phil Di Giuseppe wins face-off versus Daniel O'regan in Comets zone.
12:51 of 2nd period - Wrist shot by Phil Di Giuseppe.
12:51 of 2nd period - Stopped by Michael Houser with a rebound.
12:53 of 2nd period - Wrist shot by Curtis Lazar.
12:53 of 2nd period - Stopped by Michael Houser with a rebound.
12:55 of 2nd period - Slapshot by Scott Harrington.
12:55 of 2nd period - Stopped by Michael Houser with a rebound.
12:57 of 2nd period - Slapshot by Vladislav Gavrikov.
12:57 of 2nd period - Shot Misses the Net.
13:07 of 2nd period - Scott Harrington is hit by Jason Dickinson.
13:23 of 2nd period - Minor Penalty to Matt Luff for Hooking.
13:24 of 2nd period - Jean-Sebastien Dea wins face-off versus Daniel O'regan in Little Stars zone.
13:27 of 2nd period - Wrist shot by Daniel Zaar.
13:27 of 2nd period - Shot Blocked by Reece Willcox.
13:29 of 2nd period - Slapshot by Scott Harrington.
13:29 of 2nd period - Stopped by Michael Houser without a rebound.
13:30 of 2nd period - Jean-Sebastien Dea wins face-off versus Adam Tambellini in Little Stars zone.
14:44 of 2nd period - Icing by Tyler Graovac.
14:45 of 2nd period - Jason Dickinson wins face-off versus Tyler Graovac in Comets zone.
15:02 of 2nd period - Slapshot by Dan Renouf.
15:02 of 2nd period - Shot Blocked by Reece Willcox.
15:04 of 2nd period - Slapshot by Juuso Riikola.
15:04 of 2nd period - Deflect By Joakim Nygard.
15:04 of 2nd period - Goal by Juuso Riikola - Little Stars : 1 - Comets : 1.
15:05 of 2nd period - Jean-Sebastien Dea wins face-off versus Daniel O'regan in neutral zone.
15:16 of 2nd period - Snap shot by Adam Tambellini.
15:16 of 2nd period - Shot Blocked by Scott Harrington.
15:18 of 2nd period - Wrist shot by Adam Tambellini.
15:18 of 2nd period - Goal by Adam Tambellini - Little Stars : 2 - Comets : 1.
15:19 of 2nd period - Jean-Sebastien Dea wins face-off versus Daniel O'regan in neutral zone.
15:44 of 2nd period - Jason Dickinson is hit by Vladislav Gavrikov.
16:08 of 2nd period - Wrist shot by Shane Gersich.
16:08 of 2nd period - Stopped by Casey DeSmith without a rebound.
16:09 of 2nd period - Radel Fazleev wins face-off versus Daniel Zaar in Comets zone.
16:42 of 2nd period - Icing by Scott Harrington.
16:43 of 2nd period - Jason Dickinson wins face-off versus Tyler Graovac in Comets zone.
17:02 of 2nd period - Snap shot by Tyler Graovac.
17:02 of 2nd period - Shot Misses the Net.
17:04 of 2nd period - Slapshot by Scott Harrington.
17:04 of 2nd period - Shot Blocked by Jason Dickinson.
17:06 of 2nd period - Wrist shot by Tyler Graovac.
17:06 of 2nd period - Shot Misses the Net.
17:27 of 2nd period - Snap shot by Tyler Graovac.
17:27 of 2nd period - Deflect By Phil Di Giuseppe.
17:27 of 2nd period - Stopped by Michael Houser without a rebound.
17:28 of 2nd period - Daniel O'regan wins face-off versus Daniel Zaar in Little Stars zone.
17:47 of 2nd period - Wiley Sherman is hit by Daniel Zaar and loses puck.
18:01 of 2nd period - Off-side.
18:02 of 2nd period - Radel Fazleev wins face-off versus Lane Pederson in neutral zone.
18:31 of 2nd period - Slapshot by Phil Di Giuseppe.
18:31 of 2nd period - Stopped by Michael Houser without a rebound.
18:32 of 2nd period - Daniel O'regan wins face-off versus Tyler Graovac in Little Stars zone.
18:32 of 2nd period - Adam Tambellini is hit by Curtis Lazar.
18:38 of 2nd period - Snap shot by Ilya Mikheyev.
18:38 of 2nd period - Shot Misses the Net.
18:40 of 2nd period - Slapshot by Wiley Sherman.
18:40 of 2nd period - Stopped by Casey DeSmith with a rebound.
18:42 of 2nd period - Slapshot by Ilya Mikheyev.
18:42 of 2nd period - Stopped by Casey DeSmith without a rebound.
18:43 of 2nd period - Daniel O'regan wins face-off versus Jean-Sebastien Dea in Comets zone.
18:48 of 2nd period - Snap shot by Daniel O'regan.
18:48 of 2nd period - Shot Misses the Net.
18:50 of 2nd period - Wrist shot by Adam Tambellini.
18:50 of 2nd period - Shot Blocked by Scott Harrington.
18:52 of 2nd period - Snap shot by Daniel O'regan.
18:52 of 2nd period - Shot Blocked by Scott Harrington.
18:54 of 2nd period - Backhand shot by Reece Willcox.
18:54 of 2nd period - Shot Blocked by Daniel Zaar.
18:56 of 2nd period - Slapshot by Adam Tambellini.
18:56 of 2nd period - Shot Misses the Net.
19:01 of 2nd period - Minor Penalty to Scott Harrington for High sticking.
19:02 of 2nd period - Daniel Zaar wins face-off versus Daniel O'regan in Comets zone.
19:02 of 2nd period - Daniel Zaar is hit by Reece Willcox.
19:16 of 2nd period - Off-side.
19:17 of 2nd period - Adam Tambellini wins face-off versus Daniel Zaar in neutral zone.
19:24 of 2nd period - Snap shot by Daniel O'regan.
19:24 of 2nd period - Shot Misses the Net.
Goals for this period are 2 for Little Stars vs 1 for Comets.
Shots for this period are 6 for Little Stars vs 14 for Comets.

3rd period


0:01 of 3rd period - Daniel O'regan wins face-off versus Daniel Zaar in neutral zone.
0:12 of 3rd period - Wrist shot by Ilya Mikheyev.
0:12 of 3rd period - Shot Misses the Net.
0:14 of 3rd period - Slapshot by Daniel O'regan.
0:14 of 3rd period - Shot Misses the Net.
0:50 of 3rd period - Dan Renouf is hit by Joakim Nygard and loses puck.
1:01 of 3rd period - Penalty to Scott Harrington is over, Scott Harrington is back on ice.
1:51 of 3rd period - Snap shot by Jason Dickinson.
1:51 of 3rd period - Stopped by Casey DeSmith with a rebound.
1:55 of 3rd period - Slapshot by Joakim Nygard.
1:55 of 3rd period - Deflect By Jason Dickinson.
1:55 of 3rd period - Shot Blocked by Ryan Lomberg.
1:55 of 3rd period - Puck is out of play.
1:56 of 3rd period - Tyler Graovac wins face-off versus Daniel O'regan in Comets zone.
2:09 of 3rd period - Wrist shot by Tyler Graovac.
2:09 of 3rd period - Goal by Tyler Graovac - Little Stars : 2 - Comets : 2.
2:10 of 3rd period - Tyler Graovac wins face-off versus Daniel O'regan in neutral zone.
2:10 of 3rd period - Tyler Graovac is hit by Daniel O'regan.
2:22 of 3rd period - Tyler Graovac is hit by Ville Pokka and loses puck.
2:26 of 3rd period - Minor Penalty to Tucker Poolman for Hooking.
2:27 of 3rd period - Daniel O'regan wins face-off versus Tyler Graovac in Little Stars zone.
2:27 of 3rd period - Daniel O'regan is hit by Phil Di Giuseppe.
2:43 of 3rd period - Wrist shot by Scott Harrington.
2:43 of 3rd period - Shot Blocked by Ville Pokka.
3:18 of 3rd period - Off-side.
3:19 of 3rd period - Daniel Zaar wins face-off versus Jason Dickinson in neutral zone.
3:26 of 3rd period - Slapshot by Wiley Sherman.
3:26 of 3rd period - Deflect By Joakim Nygard.
3:26 of 3rd period - Shot Misses the Net.
3:26 of 3rd period - Puck is out of play.
3:27 of 3rd period - Adam Tambellini wins face-off versus Jean-Sebastien Dea in Comets zone.
3:28 of 3rd period - Snap shot by Daniel O'regan.
3:28 of 3rd period - Shot Misses the Net.
3:34 of 3rd period - Wiley Sherman is hit by Jean-Sebastien Dea and loses puck.
4:23 of 3rd period - Backhand shot by Daniel Zaar.
4:23 of 3rd period - Deflect By Jason Dickinson.
4:23 of 3rd period - Stopped by Michael Houser with a rebound.
4:26 of 3rd period - Penalty to Tucker Poolman is over, Tucker Poolman is back on ice.
4:40 of 3rd period - Icing by Wiley Sherman.
4:41 of 3rd period - Radel Fazleev wins face-off versus Lane Pederson in Little Stars zone.
4:47 of 3rd period - Wiley Sherman is hit by Juuso Riikola and loses puck.
4:54 of 3rd period - Slapshot by Justin Auger.
4:54 of 3rd period - Shot Misses the Net.
4:56 of 3rd period - Wrist shot by Tucker Poolman.
4:56 of 3rd period - Shot Misses the Net.
4:58 of 3rd period - Slapshot by Tucker Poolman.
4:58 of 3rd period - Shot Misses the Net.
5:00 of 3rd period - Snap shot by Radel Fazleev.
5:00 of 3rd period - Stopped by Casey DeSmith without a rebound.
5:01 of 3rd period - Daniel O'regan wins face-off versus Jean-Sebastien Dea in Comets zone.
5:18 of 3rd period - Wrist shot by Ilya Mikheyev.
5:18 of 3rd period - Stopped by Casey DeSmith without a rebound.
5:19 of 3rd period - Tyler Graovac wins face-off versus Jason Dickinson in Comets zone.
5:19 of 3rd period - Tyler Graovac is hit by Jason Dickinson.
5:45 of 3rd period - Ilya Mikheyev is hit by Ryan Lomberg and loses puck.
6:04 of 3rd period - Snap shot by Justin Auger.
6:04 of 3rd period - Shot Blocked by Dan Renouf.
6:06 of 3rd period - Slapshot by Radel Fazleev.
6:06 of 3rd period - Stopped by Casey DeSmith without a rebound.
6:07 of 3rd period - Radel Fazleev wins face-off versus Lane Pederson in Comets zone.
6:10 of 3rd period - Wrist shot by Radel Fazleev.
6:10 of 3rd period - Shot Misses the Net.
6:43 of 3rd period - Connor Mackey is hit by Juho Lammikko and loses puck.
6:56 of 3rd period - Wrist shot by Shane Gersich.
6:56 of 3rd period - Shot Misses the Net.
6:58 of 3rd period - Snap shot by Wiley Sherman.
6:58 of 3rd period - Stopped by Casey DeSmith with a rebound.
7:00 of 3rd period - Snap shot by Wiley Sherman.
7:00 of 3rd period - Stopped by Casey DeSmith with a rebound.
7:02 of 3rd period - Wrist shot by Shane Gersich.
7:02 of 3rd period - Shot Blocked by Juho Lammikko.
7:04 of 3rd period - Slapshot by Radel Fazleev.
7:04 of 3rd period - Shot Misses the Net.
7:20 of 3rd period - Snap shot by Trevor Moore.
7:20 of 3rd period - Stopped by Michael Houser with a rebound.
7:24 of 3rd period - Snap shot by Juho Lammikko.
7:24 of 3rd period - Goal by Juho Lammikko - Little Stars : 2 - Comets : 3.
7:25 of 3rd period - Jean-Sebastien Dea wins face-off versus Daniel O'regan in neutral zone.
8:01 of 3rd period - Phil Di Giuseppe is hit by Filip Chytil.
8:33 of 3rd period - Daniel O'regan is hit by Curtis Lazar and loses puck.
9:21 of 3rd period - Radel Fazleev is hit by Ryan Lomberg and loses puck.
9:38 of 3rd period - Daniel O'regan is hit by Curtis Lazar and loses puck.
10:07 of 3rd period - Slapshot by Jason Dickinson.
10:07 of 3rd period - Shot Misses the Net.
10:09 of 3rd period - Snap shot by Joakim Nygard.
10:09 of 3rd period - Stopped by Casey DeSmith without a rebound.
10:10 of 3rd period - Daniel O'regan wins face-off versus Tyler Graovac in Comets zone.
10:57 of 3rd period - Trevor Moore is hit by Shane Gersich and loses puck.
11:58 of 3rd period - Backhand shot by Filip Chytil.
11:58 of 3rd period - Stopped by Casey DeSmith with a rebound.
12:00 of 3rd period - Slapshot by Ville Pokka.
12:00 of 3rd period - Stopped by Casey DeSmith without a rebound.
12:01 of 3rd period - Jean-Sebastien Dea wins face-off versus Filip Chytil in Comets zone.
12:01 of 3rd period - Jean-Sebastien Dea is hit by Reece Willcox.
12:30 of 3rd period - Off-side.
12:31 of 3rd period - Daniel O'regan wins face-off versus Juho Lammikko in neutral zone.
13:13 of 3rd period - Wrist shot by Juho Lammikko.
13:13 of 3rd period - Shot Misses the Net.
13:15 of 3rd period - Snap shot by Trevor Moore.
13:15 of 3rd period - Shot Blocked by Wiley Sherman.
13:17 of 3rd period - Wrist shot by Lane Pederson.
13:17 of 3rd period - Shot Blocked by Ilya Mikheyev.
13:19 of 3rd period - Slapshot by Trevor Moore.
13:19 of 3rd period - Shot Hit the Post.
13:21 of 3rd period - Slapshot by Dan Renouf.
13:21 of 3rd period - Shot Misses the Net.
13:25 of 3rd period - Backhand shot by Trevor Moore.
13:25 of 3rd period - Stopped by Michael Houser with a rebound.
13:47 of 3rd period - Slapshot by Trevor Moore.
13:47 of 3rd period - Stopped by Michael Houser with a rebound.
13:49 of 3rd period - Slapshot by Trevor Moore.
13:49 of 3rd period - Shot Hit the Post.
13:51 of 3rd period - Slapshot by Juuso Riikola.
13:51 of 3rd period - Shot Misses the Net.
13:53 of 3rd period - Slapshot by Lane Pederson.
13:53 of 3rd period - Stopped by Michael Houser without a rebound.
13:54 of 3rd period - Jean-Sebastien Dea wins face-off versus Jason Dickinson in Little Stars zone.
13:55 of 3rd period - Slapshot by Daniel Zaar.
13:55 of 3rd period - Stopped by Michael Houser with a rebound.
13:57 of 3rd period - Slapshot by Scott Harrington.
13:57 of 3rd period - Stopped by Michael Houser with a rebound.
13:59 of 3rd period - Wrist shot by Ryan Lomberg.
13:59 of 3rd period - Shot Misses the Net.
14:01 of 3rd period - Snap shot by Jean-Sebastien Dea.
14:01 of 3rd period - Stopped by Michael Houser without a rebound.
14:02 of 3rd period - Jason Dickinson wins face-off versus Jean-Sebastien Dea in Little Stars zone.
14:06 of 3rd period - Off-side.
14:07 of 3rd period - Jason Dickinson wins face-off versus Jean-Sebastien Dea in neutral zone.
14:12 of 3rd period - Wrist shot by Joakim Nygard.
14:12 of 3rd period - Stopped by Casey DeSmith with a rebound.
14:32 of 3rd period - Curtis Lazar is hit by Wiley Sherman and loses puck.
15:28 of 3rd period - Juuso Riikola is hit by Daniel O'regan and loses puck.
15:49 of 3rd period - Curtis Lazar is hit by Matt Luff and loses puck.
16:32 of 3rd period - Adam Ollas-Mattsson is hit by Adam Tambellini and loses puck.
16:54 of 3rd period - Icing by Tyler Graovac.
16:55 of 3rd period - Jason Dickinson wins face-off versus Jean-Sebastien Dea in Comets zone.
17:06 of 3rd period - Snap shot by Joakim Nygard.
17:06 of 3rd period - Stopped by Casey DeSmith with a rebound.
17:18 of 3rd period - Trevor Moore is hit by Shane Gersich and loses puck.
17:37 of 3rd period - Snap shot by Ilya Mikheyev.
17:37 of 3rd period - Deflect By Daniel O'regan.
17:37 of 3rd period - Stopped by Casey DeSmith without a rebound.
17:38 of 3rd period - Daniel O'regan wins face-off versus Tyler Graovac in Comets zone.
18:46 of 3rd period - Little Stars, Michael Houser is pulled from the net.
19:10 of 3rd period - Wrist shot by Adam Tambellini.
19:10 of 3rd period - Shot Misses the Net.
19:12 of 3rd period - Slapshot by Wiley Sherman.
19:12 of 3rd period - Stopped by Casey DeSmith with a rebound.
19:14 of 3rd period - Slapshot by Daniel O'regan.
19:14 of 3rd period - Shot Misses the Net.
19:16 of 3rd period - Snap shot by Daniel O'regan.
19:16 of 3rd period - Deflect By Adam Tambellini.
19:16 of 3rd period - Goal by Adam Tambellini - Little Stars : 3 - Comets : 3.
19:16 of 3rd period - Michael Houser from Little Stars was sent back in the game.
19:17 of 3rd period - Radel Fazleev wins face-off versus Jean-Sebastien Dea in neutral zone.
19:26 of 3rd period - Slapshot by Justin Auger.
19:26 of 3rd period - Stopped by Casey DeSmith with a rebound.
Goals for this period are 1 for Little Stars vs 2 for Comets.
Shots for this period are 15 for Little Stars vs 10 for Comets.

Overtime #1


0:01 of 1st overtime period - Daniel O'regan wins face-off versus Curtis Lazar in neutral zone.
0:26 of 1st overtime period - Ilya Mikheyev is hit by Jean-Sebastien Dea and loses puck.
1:19 of 1st overtime period - Snap shot by Juho Lammikko.
1:19 of 1st overtime period - Deflect By Daniel Zaar.
1:19 of 1st overtime period - Deflect By Adam Tambellini.
1:19 of 1st overtime period - Stopped by Michael Houser without a rebound.
1:20 of 1st overtime period - Daniel Zaar wins face-off versus Daniel O'regan in Little Stars zone.
1:30 of 1st overtime period - Off-side.
1:31 of 1st overtime period - Daniel Zaar wins face-off versus Ilya Mikheyev in neutral zone.
2:11 of 1st overtime period - Wrist shot by Joakim Nygard.
2:11 of 1st overtime period - Shot Misses the Net.
2:23 of 1st overtime period - Backhand shot by Tucker Poolman.
2:23 of 1st overtime period - Deflect By Ilya Mikheyev.
2:23 of 1st overtime period - Shot Misses the Net.
2:23 of 1st overtime period - Puck is out of play.
2:24 of 1st overtime period - Daniel Zaar wins face-off versus Ilya Mikheyev in Comets zone.
2:33 of 1st overtime period - Slapshot by Daniel Zaar.
2:33 of 1st overtime period - Shot Blocked by Wiley Sherman.
2:45 of 1st overtime period - Snap shot by Adam Tambellini.
2:45 of 1st overtime period - Stopped by Casey DeSmith without a rebound.
2:46 of 1st overtime period - Daniel O'regan wins face-off versus Curtis Lazar in Comets zone.
3:01 of 1st overtime period - Backhand shot by Ryan Lomberg.
3:01 of 1st overtime period - Shot Blocked by Wiley Sherman.
3:13 of 1st overtime period - Jean-Sebastien Dea is hit by Joakim Nygard and loses puck.
3:46 of 1st overtime period - Snap shot by Jason Dickinson.
3:46 of 1st overtime period - Shot Blocked by Phil Di Giuseppe.
3:48 of 1st overtime period - Wrist shot by Jason Dickinson.
3:48 of 1st overtime period - Shot Misses the Net.
3:50 of 1st overtime period - Wrist shot by Jason Dickinson.
3:50 of 1st overtime period - Shot Blocked by Phil Di Giuseppe.
4:30 of 1st overtime period - Daniel Zaar is hit by Adam Tambellini and loses puck.
Goals for this period are 0 for Little Stars vs 0 for Comets.
Shots for this period are 1 for Little Stars vs 1 for Comets.

ShootOut


5:00 of 1st overtime period - Round #1.
5:00 of 1st overtime period - Little Stars, Ilya Mikheyev.
5:00 of 1st overtime period - Snap shot by Ilya Mikheyev.
5:00 of 1st overtime period - Stopped by Casey DeSmith.
5:00 of 1st overtime period - Comets, Daniel Zaar.
5:00 of 1st overtime period - Snap shot by Daniel Zaar.
5:00 of 1st overtime period - Stopped by Michael Houser.
5:00 of 1st overtime period - Round #2.
5:00 of 1st overtime period - Little Stars, Adam Tambellini.
5:00 of 1st overtime period - Backhand shot by Adam Tambellini.
5:00 of 1st overtime period - Goal by Adam Tambellini.
5:00 of 1st overtime period - Comets, Ryan Lomberg.
5:00 of 1st overtime period - Deke by Ryan Lomberg.
5:00 of 1st overtime period - Goal by Ryan Lomberg.
5:00 of 1st overtime period - Round #3.
5:00 of 1st overtime period - Little Stars, Daniel O'regan.
5:00 of 1st overtime period - Snap shot by Daniel O'regan.
5:00 of 1st overtime period - Stopped by Casey DeSmith.
5:00 of 1st overtime period - Comets, Curtis Lazar.
5:00 of 1st overtime period - Snap shot by Curtis Lazar.
5:00 of 1st overtime period - Stopped by Michael Houser.
5:00 of 1st overtime period - Round #4.
5:00 of 1st overtime period - Little Stars, Joakim Nygard.
5:00 of 1st overtime period - Deke by Joakim Nygard.
5:00 of 1st overtime period - Goal by Joakim Nygard.
5:00 of 1st overtime period - Comets, Jean-Sebastien Dea.
5:00 of 1st overtime period - Deke by Jean-Sebastien Dea.
5:00 of 1st overtime period - Goal by Jean-Sebastien Dea.
5:00 of 1st overtime period - Round #5.
5:00 of 1st overtime period - Little Stars, Jason Dickinson.
5:00 of 1st overtime period - Wrist shot by Jason Dickinson.
5:00 of 1st overtime period - Goal by Jason Dickinson.
5:00 of 1st overtime period - Comets, Juho Lammikko.
5:00 of 1st overtime period - Wrist shot by Juho Lammikko.
5:00 of 1st overtime period - Goal by Juho Lammikko.
5:00 of 1st overtime period - Round #6.
5:00 of 1st overtime period - Little Stars, Emile Poirier.
5:00 of 1st overtime period - Snap shot by Emile Poirier.
5:00 of 1st overtime period - Shot Misses the Net.
5:00 of 1st overtime period - Comets, Mackenzie MacEachern.
5:00 of 1st overtime period - Snap shot by Mackenzie MacEachern.
5:00 of 1st overtime period - Goal by Mackenzie MacEachern.